[Event "Titled Tuesday Blitz July 26 Early 2022"]
[White "Amburgy, Ryan"]
[Black "Martin Barcelo, Carles"]
[WhiteFideId "30924820"]
[BlackFideId "24561444"]
[WhiteElo "2066"]
[BlackElo "1922"]
[Result "1/2-1/2"]
[Round "01"]
[TimeControl "180+1"]
[Date "2022.07.27"]
[WhiteClock "0:00:31"]
[BlackClock "0:00:10"]

1. d4 Nf6 2. Nc3 d5 3. Bf4 e6 4. Nb5 Na6 5. e3 c6 6. Nc3 Bd6 7. Bxd6 Qxd6 8. Bxa6 bxa6 9. Nf3 O-O 10. Na4 Nd7 11. O-O a5 12. Re1 Ba6 13. b3 Bb5 14. Nb2 c5 15. c4 Bc6 16. Rc1 Rac8 17. h3 cxd4 18. Nxd4 Qa3 19. Nxc6 Rxc6 20. Qc2 Nb6 21. Red1 a4 22. c5 Rfc8 23. Nd3 Nd7 24. b4 a6 25. f4 f6 26. Qb2 Qxb2 27. Nxb2 a3 28. Na4 Rb8 29. Rb1 Rcc8 30. f5 Kf7 31. fxe6+ Kxe6 32. Nc3 a5 33. bxa5 Rxb1 34. Nxb1 Rxc5 35. Nxa3 Rxa5 36. Rd3 Ne5 37. Rc3 Nc4 38. Nxc4 dxc4 39. Rxc4 Rxa2 40. Kf1 h5 41. Rh4 g6 42. Re4+ Kf5 43. Re8 h4 44. Re7 g5 45. Kg1 Rb2 46. Kf1 Ra2 47. Re8 Rc2 48. Kg1 Re2 49. Kf1 Rd2 50. Kg1 Rd5 51. Kf2 Rd2+ 52. Kf3 Ra2 53. Rb8 Ra3 54. Rb5+ Ke6 55. Rc5 Rb3 56. Ke4 Rb4+ 57. Kd3 Rb2 58. Rc2 Rxc2 59. Kxc2 Kf5 60. Kd3 Ke5 61. Kd2 Ke4 62. Ke2 f5 63. Kf2 f4 64. exf4 Kxf4 65. Ke2 Kg3 66. Kf1 g4 67. hxg4 Kxg4 68. Kf2 Kf4 69. Kf1 Kg3 70. Kg1 Kg4 71. Kh2 Kg5 72. Kh3 Kh5 73. g3 hxg3 74. Kxg3 1/2-1/2


[Site "https://www.chess.com"]

[Event "Titled Tuesday Blitz July 26 Early 2022"]
[White "Andreikin, Dmitry"]
[Black "Hamley, Ryan"]
[WhiteFideId "4158814"]
[BlackFideId "30959497"]
[WhiteElo "2736"]
[BlackElo "2514"]
[Result "1-0"]
[Round "01"]
[TimeControl "180+1"]
[Date "2022.07.26"]
[WhiteClock "0:02:53"]
[BlackClock "0:02:17"]

1. d4 Nf6 2. c4 e6 3. Nf3 d5 4. g3 Be7 5. Bg2 O-O 6. O-O dxc4 7. Qc2 a6 8. a4 Bd7 9. Qxc4 Bc6 10. Bf4 Nbd7 11. Rd1 a5 12. Qc1 Nb6 13. Nc3 Ne4 14. Nxe4 Bxe4 15. Bxc7 Qd5 16. Bxb6 Rac8 17. Bc5 b6 18. Bxe7 Rxc1 19. Raxc1 Re8 20. Ba3 Qb3 21. Nd2 Qxa4 22. Nxe4 b5 23. Nc5 1-0


[Site "https://www.chess.com"]

[Event "Titled Tuesday Blitz July 26 Early 2022"]
[White "Avazkhonov, Alikhon"]
[Black "Rohith Krishna S"]
[WhiteFideId "14208504"]
[BlackFideId "46617051"]
[WhiteElo "1739"]
[BlackElo "2117"]
[Result "0-1"]
[Round "01"]
[TimeControl "180+1"]
[Date "2022.07.27"]
[WhiteClock "0:00:02"]
[BlackClock "0:01:17"]

1. e4 e6 2. d4 d5 3. Nc3 Nf6 4. e5 Nfd7 5. f4 c5 6. Nf3 Nc6 7. Be3 a6 8. Qd2 b5 9. Nd1 Bb7 10. c3 Be7 11. Bd3 Qb6 12. O-O g6 13. Nf2 O-O-O 14. Rab1 c4 15. Bc2 Kc7 16. b4 Ra8 17. a4 Qa7 18. Ra1 Qb8 19. Rfb1 Qg8 20. g3 Qg7 21. Kg2 h6 22. h3 Rag8 23. g4 f6 24. exf6 Nxf6 25. Ne5 g5 26. f5 h5 27. Ng6 hxg4 28. hxg4 Bd6 29. Nxh8 Rxh8 30. Rh1 Re8 31. Bxg5 e5 32. Bxf6 Qxf6 33. Rh6 Qf8 34. Rxd6 Qxd6 35. Re1 Rg8 36. dxe5 Nxe5 37. Qf4 Nxg4 38. Qxd6+ Kxd6 39. Nxg4 Rxg4+ 40. Kf3 Rh4 41. Re6+ Kd7 42. Rb6 Kc7 43. Rg6 d4+ 44. Kg3 Rh1 45. cxd4 Rc1 46. f6 Rxc2 47. Rg7+ Kb6 48. a5+ Ka7 49. f7 Rc3+ 50. Kg4 Rf3 51. Kg5 c3 52. Kg6 c2 53. f8=Q Rxf8 54. Rc7 Rc8 0-1


[Site "https://www.chess.com"]

[Event "Titled Tuesday Blitz July 26 Early 2022"]
[White "Bambino Filho, Antonio Carlos"]
[Black "Xu, Yi"]
[WhiteFideId "2113163"]
[BlackFideId "8605564"]
[WhiteElo "2452"]
[BlackElo "2471"]
[Result "0-1"]
[Round "01"]
[TimeControl "180+1"]
[Date "2022.07.27"]
[WhiteClock "0:00:04"]
[BlackClock "0:00:09"]

1. d4 Nf6 2. c4 e6 3. Nc3 Bb4 4. Qc2 d5 5. Nf3 dxc4 6. e4 b5 7. a3 Bxc3+ 8. bxc3 c6 9. Bg5 h6 10. Bh4 Nbd7 11. e5 g5 12. Bg3 Nd5 13. h4 g4 14. Nd2 Ne7 15. Ne4 Nf5 16. Be2 h5 17. Bf4 c5 18. dxc5 Bb7 19. Rd1 Qc7 20. Nd6+ Nxd6 21. cxd6 Qc5 22. O-O Nxe5 23. Bxe5 Qxe5 24. Rfe1 Qe4 25. Qxe4 Bxe4 26. Bxc4 Bc6 27. Bb3 Kd7 28. Re5 Rab8 29. Kh2 a5 30. Kg3 Rb6 31. Rg5 a4 32. Ba2 Be4 33. Rd4 Bf5 34. c4 Rxd6 35. Rxd6+ Kxd6 36. cxb5 Rc8 37. Rxh5 Rc3+ 38. f3 gxf3 39. gxf3 Rxa3 40. Bxe6 Bxe6 41. b6 Rb3 42. Ra5 Bd7 43. Ra6 Kc6 44. Ra7 Rxb6 45. Rxa4 Kd6 46. Rd4+ Ke7 47. Rf4 Kf8 48. Rd4 Be6 49. Rf4 Kg7 50. Rd4 Rc6 51. Rf4 Rc4 52. Rxc4 Bxc4 53. Kf4 Kh6 54. Kg4 Be6+ 55. Kf4 Kh5 56. Ke5 Kxh4 0-1


[Site "https://www.chess.com"]

[Event "Titled Tuesday Blitz July 26 Early 2022"]
[White "Barp, Alberto"]
[Black "Large, Peter G"]
[WhiteFideId "872555"]
[BlackFideId "400866"]
[WhiteElo "2229"]
[BlackElo "2064"]
[Result "0-1"]
[Round "01"]
[TimeControl "180+1"]
[Date "2022.07.27"]
[WhiteClock "0:00:29"]
[BlackClock "0:00:11"]

1. d4 e6 2. Nf3 Nf6 3. Bg5 d5 4. Nbd2 Nbd7 5. e3 c5 6. c3 Be7 7. Bd3 b6 8. Qe2 a6 9. e4 dxe4 10. Nxe4 Bb7 11. dxc5 Nxc5 12. Nxc5 Bxc5 13. Rd1 Qc7 14. O-O O-O 15. Bxf6 gxf6 16. Bb1 Rad8 17. Nd4 Bxd4 18. Qg4+ Kh8 19. Rxd4 Rxd4 20. Qxd4 Kg7 21. Qg4+ Kh8 22. Qh4 f5 23. Qf6+ Kg8 24. Rd1 Qc6 25. Qg5+ Kh8 26. Rd3 f4 27. Qf6+ Kg8 28. Qg5+ Kh8 29. Rh3 f5 30. Rd3 Qe4 31. Rd1 Qe2 32. Rf1 Qe5 33. f3 Qc5+ 34. Kh1 Qd6 35. Qh6 Rd8 36. Qf6+ Kg8 37. Bc2 Bd5 38. h3 Rd7 39. Rd1 Qe7 40. Qe5 Qd6 41. Qxd6 Rxd6 42. c4 Rc6 43. cxd5 Rxc2 44. d6 Rc8 45. d7 Rd8 46. Rd6 Kf7 47. Rxb6 Rxd7 48. Rxa6 Rd2 49. Rb6 Kf6 50. a4 Rd1+ 51. Kh2 Ra1 52. b3 Ke5 53. Rb5+ Kd4 54. a5 e5 55. b4 e4 56. Rb8 e3 57. g4 e2 58. Re8 e1=Q 59. Rxe1 Rxe1 60. a6 Ra1 61. b5 Kc5 62. gxf5 Kxb5 63. h4 Rd1 64. Kh3 Rd6 65. Kg4 Rxa6 66. Kg5 Kc5 67. f6 Kd6 68. Kh6 Ke5 69. h5 Rxf6+ 70. Kxh7 Kf5 71. Kg7 Kg5 72. h6 Rxh6 73. Kf7 Rh3 74. Ke6 Rxf3 75. Ke5 Re3+ 0-1


[Site "https://www.chess.com"]

[Event "Titled Tuesday Blitz July 26 Early 2022"]
[White "Bettalli, Francesco"]
[Black "Martinez Alcantara, Jose Eduardo"]
[WhiteFideId "2816453"]
[BlackFideId "3805662"]
[WhiteElo "2216"]
[BlackElo "2703"]
[Result "0-1"]
[Round "01"]
[TimeControl "180+1"]
[Date "2022.07.26"]
[WhiteClock "0:00:02"]
[BlackClock "0:00:06"]

1. d3 c5 2. Nf3 Nc6 3. e4 g6 4. g3 Bg7 5. Bg2 d6 6. O-O e5 7. Nbd2 Nge7 8. Re1 O-O 9. Nf1 h6 10. h4 Be6 11. c3 Qd7 12. Ne3 f5 13. Nh2 Rf7 14. Nd5 Raf8 15. Rf1 f4 16. Bd2 Bh3 17. Bxh3 Qxh3 18. Qg4 Qxg4 19. Nxg4 Nxd5 20. exd5 Ne7 21. c4 Nf5 22. Kg2 b5 23. Rae1 Rb7 24. b3 a5 25. Kh3 a4 26. gxf4 axb3 27. axb3 bxc4 28. bxc4 Rb3 29. fxe5 Rxd3+ 30. Be3 h5 31. Nf6+ Bxf6 32. exf6 Rxf6 33. Kg2 Nxh4+ 34. Kh1 Nf3 35. Ra1 g5 36. Ra7 Rb3 37. Rfa1 Rb8 38. Re7 g4 39. Kg2 Nh4+ 40. Kg1 Nf5 41. Rd7 Nxe3 42. fxe3 Rbf8 43. Raa7 R8f7 44. Rd8+ Kg7 45. Raa8 Kg6 46. e4 Kg5 47. e5 dxe5 48. d6 Kh4 49. Ra2 Rf1+ 50. Kg2 Rd1 51. Re2 Rd3 52. Rxe5 Rg3+ 53. Kh2 Rf2+ 54. Kh1 Rf1+ 55. Kh2 Rf2+ 56. Kh1 Rd3 57. Re1 Kh3 58. d7 g3 59. Kg1 Rdd2 0-1


[Site "https://www.chess.com"]

[Event "Titled Tuesday Blitz July 26 Early 2022"]
[White "Bilan, Danila"]
[Black "Sailer, Mike"]
[WhiteFideId "24161918"]
[BlackFideId "2012901"]
[WhiteElo "2164"]
[BlackElo "2109"]
[Result "1-0"]
[Round "01"]
[TimeControl "180+1"]
[Date "2022.07.27"]
[WhiteClock "0:00:10"]
[BlackClock "0:00:03"]

1. d4 d5 2. Nf3 Bf5 3. c4 e6 4. Nc3 Nc6 5. Bf4 Nf6 6. e3 Bb4 7. Qb3 Ne4 8. a3 Bxc3+ 9. bxc3 Na5 10. Qa4+ c6 11. Rc1 dxc4 12. Ne5 b5 13. Qb4 Qb6 14. f3 Nf6 15. e4 Bg6 16. Be2 Nb3 17. Rd1 c5 18. dxc5 Qxc5 19. Qxc5 Nxc5 20. Be3 Nfd7 21. Nc6 a6 22. Kf2 Rc8 23. Nd4 O-O 24. Rd2 Nb6 25. Bd1 Rfd8 26. Bc2 e5 27. Ne2 Rxd2 28. Bxd2 Rd8 29. Be3 Nba4 30. g4 f6 31. Rd1 Rxd1 32. Bxd1 Kf8 33. Ke1 Ke7 34. Kd2 Kd6 35. h4 Nb6 36. h5 Bf7 37. Bc2 h6 38. Ng3 Nbd7 39. Nf5+ Kc6 40. Nxg7 Nf8 41. Bxh6 Nfe6 42. Nf5 Ng5 43. Bxg5 fxg5 44. Ne3 Ne6 45. Nd1 Nf4 46. Nf2 Ng2 47. Nh3 Nf4 48. Nxg5 Bg8 49. Ke3 Ng2+ 50. Kf2 Nf4 51. Ke1 Ng2+ 52. Kd2 Nf4 53. Bd1 a5 54. Bc2 Kc5 55. h6 b4 56. axb4+ axb4 57. cxb4+ Kxb4 58. h7 Bxh7 59. Nxh7 Ne6 60. Nf6 Nd4 61. Nd5+ Kc5 62. g5 Nxf3+ 63. Kc3 Nxg5 64. Ne3 Nf3 65. Nxc4 Ng5 66. Nxe5 Kd6 67. Nc4+ Ke6 68. Kd4 Nf7 69. Bb3 Ke7 70. Ne5 Nd6 71. Nc6+ Kf6 72. e5+ 1-0


[Site "https://www.chess.com"]

[Event "Titled Tuesday Blitz July 26 Early 2022"]
[White "Buscar, Michael"]
[Black "Goltsev, Dmitry"]
[WhiteFideId "2603616"]
[BlackFideId "24176710"]
[WhiteElo "2010"]
[BlackElo "2258"]
[Result "0-1"]
[Round "01"]
[TimeControl "180+1"]
[Date "2022.07.27"]
[WhiteClock "0:00:53"]
[BlackClock "0:00:11"]

1. Nf3 d5 2. g3 c6 3. Bg2 Nf6 4. c4 g6 5. O-O Bg7 6. cxd5 Nxd5 7. Nc3 O-O 8. e4 Nb6 9. d4 N8d7 10. Re1 e5 11. d5 cxd5 12. exd5 f6 13. Be3 Nc4 14. Bc1 Ndb6 15. Nd2 Nd6 16. Nde4 Bf5 17. b3 Rc8 18. Ba3 Nxe4 19. Nxe4 Bxe4 20. Bxe4 Rf7 21. d6 f5 22. Bd5 Nxd5 23. Qxd5 Qd7 24. Rac1 Rc6 25. Rxc6 Qxc6 26. Qxc6 bxc6 27. Rc1 Rd7 28. Rxc6 Kf7 29. Rc7 Ke6 30. Bc5 a5 31. Ra7 Rxa7 32. Bxa7 Kxd6 33. Bb6 a4 34. bxa4 Kd5 35. Ba5 Kc4 36. f3 Kd3 37. Kf2 e4 38. fxe4 fxe4 39. Bb6 Bh6 40. a5 e3+ 41. Ke1 e2 42. a6 Bd2+ 43. Kf2 e1=Q+ 44. Kf3 Qe2# 0-1


[Site "https://www.chess.com"]

[Event "Titled Tuesday Blitz July 26 Early 2022"]
[White "Coto Mederos, Michel"]
[Black "Chigaev, Maksim"]
[WhiteFideId "3508528"]
[BlackFideId "4108116"]
[WhiteElo "2427"]
[BlackElo "2438"]
[Result "1/2-1/2"]
[Round "01"]
[TimeControl "180+1"]
[Date "2022.07.26"]
[WhiteClock "0:00:08"]
[BlackClock "0:00:09"]

1. c4 c6 2. Nf3 d5 3. d4 Nf6 4. Nc3 a6 5. c5 g6 6. Bf4 Bg7 7. h3 O-O 8. e3 Nbd7 9. Be2 Ne8 10. O-O Nc7 11. b4 f6 12. Bh2 e5 13. a4 e4 14. Nd2 f5 15. b5 Ne6 16. f4 Nxd4 17. Rc1 Ne6 18. Nb3 axb5 19. axb5 Ndxc5 20. Nxc5 Nxc5 21. bxc6 bxc6 22. Nb1 Ne6 23. Rxc6 Kh8 24. Bg3 d4 25. Bc4 Qe8 26. Bd5 Ra5 27. Qb3 Rxd5 28. Qxd5 Bb7 29. Qxe6 Qxc6 30. Qxc6 Bxc6 31. exd4 Bxd4+ 32. Kh2 e3 33. Rd1 Bg7 34. Be1 h6 35. Rd6 Rf6 36. Rxf6 Bxf6 37. Bc3 Kg7 38. Kg1 g5 39. g3 Kg6 40. Kf1 gxf4 41. gxf4 Bb5+ 42. Kg2 Bd3 43. Bxf6 Kxf6 44. Nc3 Be4+ 45. Kf1 Bf3 46. Nb5 Kg6 47. Nd4 Bh5 48. Nc2 e2+ 49. Kf2 Kf6 50. Nd4 Kg6 51. Nxe2 Bxe2 52. Kxe2 Kh5 53. Kf3 Kh4 54. Kg2 h5 55. Kh2 1/2-1/2


[Site "https://www.chess.com"]

[Event "Titled Tuesday Blitz July 26 Early 2022"]
[White "Cremisi, Daniel"]
[Black "Pichot, Alan"]
[WhiteFideId "2089882"]
[BlackFideId "110973"]
[WhiteElo "2172"]
[BlackElo "2579"]
[Result "0-1"]
[Round "01"]
[TimeControl "180+1"]
[Date "2022.07.26"]
[WhiteClock "0:02:10"]
[BlackClock "0:02:27"]

1. d4 Nf6 2. c4 e6 3. Nf3 Bb4+ 4. Bd2 a5 5. g3 b6 6. Bg2 Bb7 7. O-O O-O 8. a3 Be7 9. Nc3 c6 10. e4 d5 11. cxd5 cxd5 12. e5 Nfd7 13. Rc1 Na6 14. Re1 Nc7 15. h4 b5 16. Qc2 b4 17. Nb1 Rc8 18. Ng5 g6 19. Qa4 Nb6 20. Qxa5 Nc4 21. Rxc4 dxc4 22. Bxb7 Rb8 23. Bg2 Nd5 24. Bxd5 Qxa5 0-1


[Site "https://www.chess.com"]

[Event "Titled Tuesday Blitz July 26 Early 2022"]
[White "Derraugh, Geordie"]
[Black "Seo, Jung Min"]
[WhiteFideId "2603950"]
[BlackFideId "1734687"]
[WhiteElo "2116"]
[BlackElo "2414"]
[Result "0-1"]
[Round "01"]
[TimeControl "180+1"]
[Date "2022.07.27"]
[WhiteClock "0:00:05"]
[BlackClock "0:00:15"]

1. e4 c5 2. Nf3 Nc6 3. Bb5 e6 4. Bxc6 bxc6 5. O-O f6 6. e5 Qc7 7. Re1 fxe5 8. Nxe5 Nf6 9. d4 cxd4 10. Qxd4 Be7 11. c4 c5 12. Qd1 O-O 13. Nc3 a6 14. Bf4 d6 15. Nd3 e5 16. Bg3 Bb7 17. f3 Kh8 18. Bh4 Rad8 19. Rc1 Nh5 20. Bf2 Bg5 21. Rc2 Qf7 22. Ne4 Be7 23. Qd2 Qg6 24. b4 cxb4 25. Nxb4 Nf4 26. Bg3 d5 27. cxd5 Bxd5 28. Nxd5 Rxd5 29. Qc3 Nd3 30. Rd1 Rfd8 31. Rcd2 Qb6+ 32. Kh1 Qb5 33. h3 Bb4 34. Qc7 Bxd2 35. Rxd2 h6 36. Kh2 R5d7 37. Qc2 Nb4 38. Rxd7 Qxd7 39. Qb3 Nc6 40. Nc5 Qd5 41. Nxa6 Qa5 42. Qc4 Nd4 43. Nb4 Qa4 44. a3 Qxa3 45. Bxe5 Nxf3+ 46. gxf3 Qxf3 47. Bxg7+ Kh7 48. Qc2+ Kg8 49. Nc6 Re8 50. Bxh6 Re2+ 51. Qxe2 Qxe2+ 52. Kg3 Qe1+ 53. Kg4 Qe4+ 54. Bf4 Qxc6 55. h4 Kh7 56. Kf5 Qf3 57. Kg5 Qg2+ 58. Kf5 Kg7 59. Bg5 Qf3+ 60. Ke5 Kg6 61. Ke6 Qe4+ 62. Kd6 Kf7 63. Kc5 Ke6 0-1


[Site "https://www.chess.com"]

[Event "Titled Tuesday Blitz July 26 Early 2022"]
[White "Devaev, Alexander"]
[Black "Gunina, Valentina"]
[WhiteFideId "4169395"]
[BlackFideId "4167570"]
[WhiteElo "2185"]
[BlackElo "2386"]
[Result "1/2-1/2"]
[Round "01"]
[TimeControl "180+1"]
[Date "2022.07.26"]
[WhiteClock "0:00:02"]
[BlackClock "0:00:05"]

1. d4 d5 2. c4 c6 3. Nf3 Nf6 4. Qc2 dxc4 5. Qxc4 Bf5 6. e3 e6 7. Bd3 Bxd3 8. Qxd3 Nbd7 9. O-O Bd6 10. Nc3 O-O 11. Rd1 Qe7 12. e4 e5 13. d5 Nc5 14. Qe2 cxd5 15. Nxd5 Nxd5 16. Rxd5 Rfd8 17. Bg5 f6 18. Bd2 Rac8 19. Rd1 Ne6 20. Be3 b6 21. h3 g6 22. Qd3 Bb8 23. Qb3 Kg7 24. Rxd8 Rxd8 25. Rxd8 Nxd8 26. Qd5 Nf7 27. a3 Qd6 28. Qxd6 Nxd6 29. Nd2 Kf7 30. a4 Ke6 31. Kf1 f5 32. f3 Bc7 33. Ke2 Bd8 34. Kd3 Nb7 35. exf5+ gxf5 36. g4 Be7 37. Nc4 Bb4 38. Bf2 Bc5 39. Be1 Bd4 40. Bb4 Kf6 41. Bf8 Kg5 42. Be7+ Kf4 43. Ke2 fxg4 44. hxg4 a6 45. Bf8 b5 46. axb5 axb5 47. Bh6+ Kg3 48. Nd2 Bxb2 49. Ne4+ Kg2 50. Bg7 b4 51. Nd2 Bd4 52. Nb3 Bc3 53. Ke3 Nd6 54. Bh8 Kg3 55. Bg7 Kh4 56. Bf6+ Kg3 57. Bg7 Kg2 58. Bf6 Kg3 59. Bg7 1/2-1/2


[Site "https://www.chess.com"]

[Event "Titled Tuesday Blitz July 26 Early 2022"]
[White "Djokic, Mihailo"]
[Black "Leve, Nitai"]
[WhiteFideId "976440"]
[BlackFideId "2006898"]
[WhiteElo "2246"]
[BlackElo "2144"]
[Result "1-0"]
[Round "01"]
[TimeControl "180+1"]
[Date "2022.07.27"]
[WhiteClock "0:00:05"]
[BlackClock "0:00:07"]

1. e4 e6 2. d4 d5 3. Nc3 dxe4 4. Nxe4 Nf6 5. Nxf6+ Qxf6 6. Nf3 h6 7. c3 Bd6 8. Bd3 b6 9. Qe2 Bb7 10. Be4 Bxe4 11. Qxe4 c6 12. Be3 O-O 13. O-O Rc8 14. c4 Nd7 15. Rac1 c5 16. Rfd1 cxd4 17. Bxd4 Qe7 18. Bxg7 Kxg7 19. Qd4+ Qf6 20. Qxd6 Nc5 21. Qe5 Rd8 22. b3 Nd3 23. Qxf6+ Kxf6 24. Ra1 Nf4 25. Kf1 a5 26. g3 Ng6 27. a3 Kf5 28. Ke2 f6 29. Nd4+ Kg4 30. Kf1 e5 31. Ne6 Rxd1+ 32. Rxd1 Kh3 33. Kg1 Rc8 34. f3 a4 35. bxa4 Rxc4 36. Ng7 Rxa4 37. Rd3 e4 38. fxe4 Rxe4 39. Nh5 Ne5 40. Rb3 Re2 41. Nf4+ Kg4 42. Nxe2 Nf3+ 43. Kf2 Nd2 44. Rb4+ Kg5 45. h4+ Kf5 46. Nd4+ Ke4 47. Nf3+ Kd3 48. Nxd2 Kxd2 49. Rxb6 1-0


[Site "https://www.chess.com"]

[Event "Titled Tuesday Blitz July 26 Early 2022"]
[White "Drygalov, Andrey"]
[Black "Oye-Stromberg, Alexander"]
[WhiteFideId "24171735"]
[BlackFideId "1525999"]
[WhiteElo "2531"]
[BlackElo "1958"]
[Result "1-0"]
[Round "01"]
[TimeControl "180+1"]
[Date "2022.07.26"]
[WhiteClock "0:01:27"]
[BlackClock "0:00:18"]

1. e4 c5 2. Nf3 Nc6 3. Bb5 g6 4. Bxc6 bxc6 5. O-O Bg7 6. Re1 Qc7 7. c3 d6 8. h3 Nf6 9. d3 O-O 10. e5 Nd5 11. exd6 exd6 12. Nbd2 Bf5 13. Ne4 Rfe8 14. Qc2 Nf6 15. Ng3 Rxe1+ 16. Nxe1 Re8 17. Bf4 Nd5 18. Bd2 Bd7 19. Nf3 Nb6 20. c4 d5 21. Rd1 Qd6 22. b3 h5 23. Bc3 Bxc3 24. Qxc3 Qe7 25. Re1 Qd6 26. Rxe8+ Bxe8 27. Qa5 Qe7 28. Qd2 Bd7 29. Qf4 Kg7 30. Ne5 Be8 31. h4 a5 32. Nf3 a4 33. Ne5 Qd6 34. Qg5 f6 35. Nf5+ Kf8 36. Qh6+ 1-0


[Site "https://www.chess.com"]

[Event "Titled Tuesday Blitz July 26 Early 2022"]
[White "Dubov, Daniil"]
[Black "Kozlov, Oleg"]
[WhiteFideId "24126055"]
[BlackFideId "4104544"]
[WhiteElo "2791"]
[BlackElo "2132"]
[Result "1-0"]
[Round "01"]
[TimeControl "180+1"]
[Date "2022.07.26"]
[WhiteClock "0:01:14"]
[BlackClock "0:00:18"]

1. Nf3 f5 2. g3 Nf6 3. Bg2 g6 4. O-O Bg7 5. b3 Ne4 6. d4 O-O 7. Bb2 d6 8. Nbd2 Nc6 9. e3 Nxd2 10. Nxd2 e5 11. dxe5 dxe5 12. Nc4 e4 13. Bxg7 Kxg7 14. f3 exf3 15. Bxf3 Be6 16. Bxc6 bxc6 17. Qxd8 Raxd8 18. Ne5 Bd5 19. Rfe1 Rfe8 20. Nd3 Re7 21. Rad1 Rde8 22. Kf2 Be4 23. Rd2 Kf6 24. Nc5 Bd5 25. c4 Be4 26. Red1 g5 27. Rd8 g4 28. Rxe8 Rxe8 29. Rd7 Re7 30. Rd8 Bf3 31. Ra8 h5 32. h4 Ke5 33. Rd8 Be4 34. a4 Bf3 35. a5 Be4 36. a6 Bc2 37. b4 Bb1 38. Ra8 Ba2 39. Rxa7 Bxc4 40. Ra8 Kf6 41. a7 1-0


[Site "https://www.chess.com"]

[Event "Titled Tuesday Blitz July 26 Early 2022"]
[White "Dushyant Sharma"]
[Black "Bortnyk, Olexandr"]
[WhiteFideId "25065130"]
[BlackFideId "14120828"]
[WhiteElo "2105"]
[BlackElo "2723"]
[Result "0-1"]
[Round "01"]
[TimeControl "180+1"]
[Date "2022.07.26"]
[WhiteClock "0:00:01"]
[BlackClock "0:00:59"]

1. e4 Nf6 2. Nc3 d6 3. d4 Nbd7 4. Be3 e5 5. f3 a6 6. Qd2 Be7 7. O-O-O b5 8. h4 Bb7 9. h5 b4 10. Nb1 exd4 11. Bxd4 c5 12. Be3 d5 13. exd5 Nxd5 14. Bc4 N7b6 15. Bxd5 Nxd5 16. Nh3 O-O 17. h6 g6 18. Bg5 f6 19. Bh4 Qa5 20. Qe2 Qxa2 21. Qe6+ Rf7 22. Nf4 Rd8 23. Nxg6 hxg6 24. h7+ Kg7 25. Bxf6+ Rxf6 26. h8=Q+ Rxh8 27. Qe5 Rxh1 28. Rxh1 Qa5 29. Rd1 Qd8 30. c4 Bd6 31. Qg5 Bf4+ 32. Qxf4 Rxf4 0-1


[Site "https://www.chess.com"]

[Event "Titled Tuesday Blitz July 26 Early 2022"]
[White "Ferreira, Vitor Hugo Vieira"]
[Black "Le, Tuan Minh"]
[WhiteFideId "2119765"]
[BlackFideId "12401153"]
[WhiteElo "2168"]
[BlackElo "2530"]
[Result "0-1"]
[Round "01"]
[TimeControl "180+1"]
[Date "2022.07.26"]
[WhiteClock "0:00:09"]
[BlackClock "0:00:22"]

1. e4 c5 2. Nf3 Nf6 3. Nc3 d5 4. exd5 Nxd5 5. Bb5+ Bd7 6. Bxd7+ Qxd7 7. Nxd5 Qxd5 8. d4 e6 9. O-O c4 10. Re1 Nc6 11. b3 Be7 12. Rb1 b5 13. bxc4 bxc4 14. Ne5 O-O 15. Nxc6 Qxc6 16. d5 Qc5 17. dxe6 fxe6 18. Be3 Qd5 19. Qg4 Bf6 20. Rbd1 Qc6 21. Bc1 Rfe8 22. Re4 Rac8 23. Rde1 e5 24. Bg5 Kh8 25. Bxf6 gxf6 26. Qh5 Rg8 27. g3 c3 28. Rh4 Rg7 29. Rd1 Qe6 30. Qf3 Rf7 31. a4 f5 32. Qe3 f4 33. Qe4 fxg3 34. hxg3 Rg8 35. Rd5 Re8 36. Rh5 Qf6 37. Qe3 e4 38. Rdf5 Qxf5 39. Rxf5 Rxf5 40. Qxc3+ Rfe5 41. Qe3 a5 42. c4 Kg7 43. c5 Rc8 44. Qd4 Rxc5 45. Qd7+ Kg6 46. Qd6+ Kf7 47. Qd7+ Re7 48. Qd4 Rce5 49. Qc4+ Kg6 50. Qc6+ R7e6 51. Qc8 e3 52. Qg8+ Kf6 53. Qf8+ Kg6 54. Qg8+ Kf5 55. Qf7+ Ke4 56. Qxh7+ Kd4 57. fxe3+ Kxe3 58. Qc2 Kf3 59. Qf2+ Ke4 60. Qf4+ Kd3 61. Qf3+ Kc4 62. Qf4+ Kb3 63. Kg2 Re2+ 64. Kh3 R2e4 65. Qf3+ Kxa4 66. g4 Re3 67. Kg3 Rxf3+ 68. Kxf3 Kb4 69. g5 a4 70. Kf4 a3 71. Kf5 Re8 72. g6 a2 73. g7 a1=Q 74. g8=Q Rxg8 0-1


[Site "https://www.chess.com"]

[Event "Titled Tuesday Blitz July 26 Early 2022"]
[White "Fiol, Fabrice"]
[Black "Tatarinov, Dmitry"]
[WhiteFideId "611670"]
[BlackFideId "24160067"]
[WhiteElo "2373"]
[BlackElo "2302"]
[Result "0-1"]
[Round "01"]
[TimeControl "180+1"]
[Date "2022.07.27"]
[WhiteClock "0:00:14"]
[BlackClock "0:00:23"]

1. e4 c5 2. Nf3 d6 3. Bb5+ Nd7 4. c3 a6 5. Ba4 b5 6. Bc2 Bb7 7. O-O Ngf6 8. Re1 e5 9. d4 Be7 10. a4 Qc7 11. axb5 axb5 12. Rxa8+ Bxa8 13. Na3 Qb8 14. Bg5 O-O 15. Qe2 c4 16. d5 Nc5 17. Nh4 h6 18. Nf5 Bd8 19. Bh4 Kh7 20. Qf3 Ncd7 21. g4 g6 22. Nxh6 Kxh6 23. g5+ Kg7 24. gxf6+ Bxf6 25. Bxf6+ Nxf6 26. Kh1 b4 27. Nxc4 bxc3 28. bxc3 Rc8 29. Bd3 Bb7 30. Rb1 Qc7 31. Rb6 Bxd5 32. Rxd6 Be6 33. Be2 Qe7 34. Rxe6 Qxe6 35. Ne3 Kg8 36. Nd5 Nxd5 37. exd5 Qd6 38. c4 Kg7 39. Kg2 Rh8 40. h3 Rh4 41. Qe3 Rd4 42. Bf1 Qf6 43. Be2 Qf5 44. Bf1 Kf6 45. Kh2 Ke7 46. Be2 Qf4+ 47. Kg2 Qxe3 48. fxe3 Rd2 49. Kf3 f5 50. c5 Rxd5 51. c6 Rc5 52. e4 Rc3+ 53. Kf2 f4 54. h4 Rxc6 55. Bg4 Rc3 56. Bd1 Rg3 57. Bf3 Kd6 58. Bg2 Kc5 59. Bf3 Kd4 60. h5 Rxf3+ 61. Kxf3 gxh5 62. Kg2 Kxe4 63. Kh3 Kf5 64. Kh2 e4 65. Kh3 e3 66. Kg2 f3+ 67. Kf1 Kf4 68. Ke1 Kg3 69. Kf1 h4 70. Kg1 h3 71. Kf1 h2 72. Ke1 h1=Q# 0-1


[Site "https://www.chess.com"]

[Event "Titled Tuesday Blitz July 26 Early 2022"]
[White "Gaisinsky, Adam"]
[Black "Suleymanli, Aydin"]
[WhiteFideId "2620561"]
[BlackFideId "13413937"]
[WhiteElo "1965"]
[BlackElo "2481"]
[Result "0-1"]
[Round "01"]
[TimeControl "180+1"]
[Date "2022.07.26"]
[WhiteClock "0:00:01"]
[BlackClock "0:01:05"]

1. d4 d5 2. Nf3 Nf6 3. Bf4 c5 4. e3 Nc6 5. Nbd2 e6 6. c3 Bd6 7. Bg3 O-O 8. Bd3 Ne7 9. e4 dxe4 10. Nxe4 Nxe4 11. Bxe4 h6 12. O-O Qc7 13. dxc5 Bxg3 14. hxg3 Qxc5 15. Qd4 Qxd4 16. Nxd4 a6 17. Rfd1 Rb8 18. a4 e5 19. Nf3 f6 20. Rd6 Bf5 21. Bxf5 Nxf5 22. Rd7 Rf7 23. Rad1 b5 24. g4 Ne7 25. Rd8+ Rf8 26. Rxf8+ Kxf8 27. axb5 Rxb5 28. b4 a5 29. bxa5 Rxa5 30. c4 Ra2 31. Rc1 Nc6 32. Ne1 Kf7 33. Nd3 Rd2 34. Nc5 Nd4 35. Kf1 Ne2 36. Re1 Nf4 37. Rc1 Ke7 38. Ne4 Re2 39. Ng3 Rxf2+ 40. Kxf2 Nd3+ 41. Ke3 Nxc1 42. Nf5+ Kf8 43. c5 Na2 44. c6 Nb4 45. Ke4 Nxc6 46. Kd5 Ne7+ 47. Nxe7 Kxe7 0-1


[Site "https://www.chess.com"]

[Event "Titled Tuesday Blitz July 26 Early 2022"]
[White "Gatterer, Florian"]
[Black "Aldokhin, Ivan"]
[WhiteFideId "811688"]
[BlackFideId "24115720"]
[WhiteElo "2218"]
[BlackElo "2246"]
[Result "1-0"]
[Round "01"]
[TimeControl "180+1"]
[Date "2022.07.27"]
[WhiteClock "0:00:14"]
[BlackClock "0:00:04"]

1. Nf3 Nf6 2. g3 g6 3. b3 Bg7 4. Bb2 O-O 5. c4 a5 6. Nc3 d6 7. d4 Bf5 8. Nh4 Bd7 9. Bg2 Nc6 10. d5 Nb4 11. a3 Na6 12. O-O Nc5 13. Qc2 Qc8 14. Rfe1 e5 15. dxe6 Bxe6 16. e4 a4 17. b4 Nb3 18. Rad1 Bxc4 19. Nxa4 b5 20. Nc3 c5 21. Nxb5 Bxb5 22. Qxb3 Ba4 23. Qd3 Bxd1 24. Rxd1 c4 25. Qe2 c3 26. Bc1 Re8 27. Qc2 Qc4 28. e5 dxe5 29. Bxa8 Rxa8 30. Ng2 Nd5 31. Ne3 Nxe3 32. Bxe3 e4 33. Ra1 h5 34. h4 Qd3 35. Ra2 Qxc2 36. Rxc2 Rxa3 37. b5 Rb3 38. b6 Rb2 39. Rc1 Kf8 40. Kf1 Ke7 41. Ke1 Kd6 42. Kd1 Kc6 43. Rc2 Rb1+ 44. Rc1 Rb2 45. Rc2 Rb1+ 46. Rc1 Rxc1+ 47. Kxc1 Bf8 48. Kc2 Bc5 49. Bxc5 Kxc5 50. b7 e3 51. fxe3 Kd5 52. b8=Q Ke4 53. Qf4+ Kd5 54. Qxf7+ Ke4 55. Qxg6+ 1-0


[Site "https://www.chess.com"]